 Dungeon Crawl Stone Soup version 0.27.1-35-g4d5d836560 (webtiles) character file.

Game seed: 6826245389928290643

319 Delamore the Sneak (level 6, -4/39 HPs)
             Began as an Octopode Brigand on Apr 22, 2022.
             Slain by Pikel (10 damage)
             ... on level 3 of the Dungeon.
             The game lasted 00:02:49 (2893 turns).

Delamore the Sneak (Octopode Brigand)               Turns: 2893, Time: 00:02:49

Health: -4/39      AC:  1    Str: 10    XL:     6   Next: 45%
Magic:  6/6        EV: 12    Int: 14    God:
Gold:   141        SH:  0    Dex: 15    Spells: 5/5 levels left

rFire    . . .     SeeInvis .   c - +1 dagger (venom)
rCold    + . .     Faith    .   (no shield)
rNeg     . . .     Spirit   .   (helmet restricted)
rPois    .         Reflect  .   (no amulet)
rElec    .         Harm     .   h - ring of protection from cold
rCorr    .         Rampage  .   (no ring)
Will     .....                  (no ring)
Stlth    +++++.....             (no ring)
HPRegen  0.13/turn              (no ring)
MPRegen  0.10/turn              (no ring)
                                (no ring)
                                (no ring)

@: no status effects
A: almost no armour, amphibious, 8 rings, camouflage 1, gelatinous body 1,
(nimble swimmer 1), tentacles
a: no special abilities


You were on level 3 of the Dungeon.
You visited 1 branch of the dungeon, and saw 4 of its levels.

You collected 141 gold pieces.

Inventory:

Hand Weapons
 a - a +2 dagger
 c - a +1 dagger of venom (weapon)
 d - a +2 vampiric spear
Missiles
 b - 8 poisoned darts (quivered)
Jewellery
 h - a ring of protection from cold (left tentacle)
 i - a ring of fire
Scrolls
 k - a scroll of immolation {unknown}
 m - a scroll of identify {unknown}
 n - a scroll of teleportation {unknown}
 q - a scroll of amnesia {unknown}
Potions
 e - a potion of berserk rage {unknown}
 g - a potion of brilliance {unknown}
 j - a potion of magic {unknown}
 l - a potion of curing {unknown}
 o - a potion of lignification {unknown}
 p - a potion of degeneration {unknown}


   Skills:
 - Level 2.0 Fighting
 * Level 5.5 Short Blades
 - Level 2.0 Throwing
 - Level 1.0 Dodging
 + Level 7.4 Stealth


You had 5 spell levels left.
You didn't know any spells.
Your spell library contained the following spells:

 Spells                   Type           Power      Damage    Failure   Level
 Gell's Gravitas          Tloc           0%         N/A       65%         3
 Lesser Beckoning         Tloc           0%         N/A       65%         3
 Teleport Other           Tloc           0%         N/A       65%         3


Dungeon Overview and Level Annotations

Branches:
Dungeon (4/15)
 Temple: D:4-7

Altars:
Hepliaklqana
Qazlal

Shops:
D:2 *

Annotations:
D:3 Pikel


Innate Abilities, Weirdness & Mutations

You cannot wear most types of armour.
You are amphibious.
You can wear up to eight rings at the same time.
Your skin changes colour to match your surroundings (Stealth+).
Your rubbery body absorbs attacks. (AC +1, EV +1)
((You are camouflaged near water. (Stealth+)))
You have tentacles for arms and can constrict up to eight enemies at once.


Message History

Your +1 dagger of venom begins to drip with poison!
c - a +1 dagger of venom (weapon)
You start waiting.
Done waiting.
There is a stone staircase leading down, spattered with blood here.
You climb downwards.
Level annotation: Pikel Pikel hits you with a +2 whip of flaming.
Pikel burns you. The lemure hits you.
There is a stone staircase leading up, spattered with blood here.
Pikel hits you with a +2 whip of flaming.
Pikel burns you. The lemure hits you.
You climb upwards.
There is a stone staircase leading down, spattered with blood here.
Pikel misses you.
You miss Pikel. Your grab misses Pikel. You squeeze Pikel, but do no damage.
Pikel closely misses you.
You hit Pikel.
Pikel is poisoned.
Your grab misses Pikel.
Pikel is lightly wounded.
Pikel hits you with a +2 whip of flaming.
Pikel burns you.
You barely miss Pikel. You grab Pikel.
Pikel is lightly wounded.
You constrict Pikel, but do no damage. You hit Pikel but do no damage.
Pikel looks as sick as possible!
Pikel is lightly wounded.
You constrict Pikel, but do no damage.
Pikel hits you with a +2 whip of flaming!
* * * LOW HITPOINT WARNING * * *
Pikel burns you.
* * * LOW HITPOINT WARNING * * *
As you read the scroll of fear, it crumbles to dust.
You assume a fearsome visage.
Pikel looks frightened!
The lemure is unaffected.
You constrict Pikel.
Pikel struggles to escape constriction.
You hit Pikel but do no damage.
Pikel looks as sick as possible!
Your attack snaps Pikel out of his fear.
Pikel is lightly wounded.
You constrict Pikel, but do no damage.
Pikel hits you with a +2 whip of flaming!
You die...

.........##..........>...#
..........#..............#
.....#..#.##...#.##.).######
....................#......#
.....#..#.##.#......#......#
...........(.#...>.........#
....##..........5..........#
...#####.....###K#..#.)....#
#### ##..#..##@#..#......#
#########.....#..##........#
..................#.#......#
....)###..........#.#..#####
.....# #...............#
.....# #.......<.......#
#############..###.....#
.†................[..###
#...#...#...#..###...#


You could see Pikel (extremely poisoned) and a lemure.

Vanquished Creatures
  An ogre (D:4)
  2 hounds (D:4)
  An iguana (D:4)
  A hound skeleton (D:4)
  5 adders
  A worm (D:2)
  2 dart slugs
  7 orcs
  7 endoplasms
  4 giant cockroaches
  6 goblins
  4 hobgoblins
  3 jackals (D:3)
  7 kobolds
  6 quokkas
  6 ball pythons
  9 bats
  2 frilled lizards
  5 rats
79 creatures vanquished.

Notes
Turn   | Place    | Note
-------+----------+-------------------------------------------
     0 | D:1      | Delamore the Octopode Brigand began the quest for the Orb.
     0 | D:1      | Reached XP level 1. HP: 14/14 MP: 1/1
   164 | D:1      | Reached XP level 2. HP: 19/19 MP: 2/2
   480 | D:2      | Reached XP level 3. HP: 24/24 MP: 3/3
   786 | D:2      | Reached skill level 6 in Stealth
   930 | D:2      | Found Fiuq's Assorted Antiques.
   993 | D:2      | Found a hazy altar of Hepliaklqana.
  1080 | D:2      | Reached XP level 4. HP: 29/29 MP: 4/4
  1357 | D:2      | Found a faded altar of an unknown god.
  1600 | D:3      | Reached XP level 5. HP: 30/34 MP: 5/5
  1652 | D:3      | Found a stormy altar of Qazlal.
  2185 | D:4      | Reached skill level 5 in Short Blades
  2185 | D:4      | Reached skill level 7 in Stealth
  2199 | D:4      | Noticed an ogre
  2201 | D:4      | Killed an ogre
  2202 | D:4      | Reached XP level 6. HP: 39/39 MP: 6/6
  2414 | D:4      | Noticed Pikel
  2893 | D:3      | Slain by Pikel

Illustrated notes

Levels and vault maps discovered:
D:1:      lightli_arrival_maybe_door_vault, layout_rooms
D:2:      layout_basic, shapermc_ecumenical_altar_hornbeckon, basic_altar,
          serial_shops, shop_statue
D:3:      layout_rooms, lemuel_coloured_pillars_altar
D:4:      layout_loops_ring, uniq_pikel

Skill      XL: |  1  2  3  4  5 |
---------------+----------------+-----
Short Blades   | 3 4 5 |  5.5
Stealth        | 6 7 |  7.4
Fighting       | |  2.0
Throwing       | |  2.0
Dodging        | |  1.0

Action                   |  1- 3 |  4- 6 || total
-------------------------+-------+-------++-------
Melee: Spear             |    79 |    88 ||   167
       Dagger            |     1 |    15 ||    16
       Constrict         |     6 |    20 ||    26
       Tentacles         |     6 |    12 ||    18
Throw: Dart              |       |     2 ||     2
  Use: Scroll            |     1 |     1 ||     2
 Stab: Sleeping          |    22 |    20 ||    42
Armor: Skin              |     2 |     6 ||     8
Dodge: Dodged            |    32 |    29 ||    61
